AoeStats
← Enver Pasha

MegaRandom

508310705Analyzed
4v4 RM · 12d ago on Sep 21, 2026· 38m 18s· 8 players
Game mode
Random Map
Map size
Large (8 player)
Population
200
Speed
Normal
Resources
Standard
Victory
Conquest
Starting age
Dark Age
Ending age
Imperial Age
RankedLock teamsTeams togetherTeam positionsShared explorationLock speedFull tech treeHidden civsTurbo modeCheats
Victory
Defeat
🇩🇪 Burgundians · Germany
1115
+14
🇹🇷 Franks · Türkiye
1107
+14
🇬🇧 Mongols · United Kingdom
1013
+18
🇫🇷 Magyars · France
1003
+20
🇵🇰 Spanish · Pakistan
1109
-18
🇩🇪 Vikings · Germany
1061
-16
🇺🇸 Saracens · United States
1059
-16
🇬🇧 Spanish · United Kingdom
1048
-16
ShardMuggleFirst
7:26 Loom
10:57 Feudal Age
16:16 Castle Age
15:12 Double-Bit Axe
15:28 Gold Mining
15:59 Stone Mining
16:43 Town Watch
17:46 Bow Saw
18:03 Bloodlines
18:38 Fletching
20:22 Scale Barding Armor
22:02 Wheelbarrow
22:55 Husbandry
25:49 Horse Collar
28:53 Chain Barding Armor
28:44 Forging
29:37 Hand Cart
31:37 Bodkin Arrow
35:57 Imperial Age
34:07 Iron Casting
34:15 Heavy Plow
34:15 Light Cavalry
37:28 Hussar
egemenbeder
4:12 Loom
10:37 Feudal Age
14:28 Castle Age
14:23 Town Watch
19:43 Double-Bit Axe
21:19 Bow Saw
21:00 Horse Collar
22:34 Bloodlines
22:54 Husbandry
23:35 Wheelbarrow
23:33 Heavy Plow
25:52 Hand Cart
27:15 Padded Archer Armor
34:00 Fletching
34:59 Bodkin Arrow
38:42 Imperial Age
37:26 Leather Archer Armor
Armateur
4:41 Loom
11:18 Feudal Age
18:11 Castle Age
16:48 Double-Bit Axe
17:16 Fletching
18:20 Crossbowman
18:58 Bodkin Arrow
26:54 Ballistics
30:18 Padded Archer Armor
30:45 Town Watch
32:01 Pikeman
37:19 Imperial Age
NSN WAJID
11:38 Loom
15:19 Feudal Age
Mugetsu
3:42 Loom
11:58 Feudal Age
12:33 Horse Collar
12:42 Double-Bit Axe
21:08 Castle Age
19:44 Bloodlines
20:13 Scale Barding Armor
21:22 Forging
21:25 Gold Mining
22:21 Bow Saw
22:16 Husbandry
23:23 Heavy Plow
26:24 Iron Casting
27:35 Chain Barding Armor
39:46 Imperial Age
Iribaar
4:34 Loom
8:15 Double-Bit Axe
10:20 Fishing Lines
12:18 Feudal Age
13:32 Bow Saw
15:24 Gold Mining
18:18 Castle Age
16:46 Horse Collar
17:39 Scale Barding Armor
17:46 Forging
18:39 Cavalier
20:24 Wheelbarrow
21:13 Heavy Plow
21:50 Gold Shaft Mining
21:38 Scale Mail Armor
22:14 Iron Casting
22:18 Husbandry
23:04 Pikeman
24:39 Squires
26:19 Chain Mail Armor
26:48 Fletching
27:33 Stone Mining
27:53 Bodkin Arrow
31:47 Stone Shaft Mining
35:39 Chain Barding Armor
35:21 Town Watch
Enver Pasha
3:19 Loom
12:29 Feudal Age
18:35 Castle Age
18:56 Forging
18:46 Scale Mail Armor
20:18 Iron Casting
22:23 Chain Mail Armor
23:30 Squires
24:50 Wheelbarrow
24:27 Double-Bit Axe
29:23 Scale Barding Armor
30:06 Husbandry
30:28 Chain Barding Armor
31:28 Hand Cart
33:46 Imperial Age
32:20 Chain Barding Armor
33:46 Town Watch
34:04 Cavalier
37:59 Plate Barding Armor
39:48 Blast Furnace
ravi0licru
2:40 Loom
10:12 Feudal Age
10:43 Double-Bit Axe
15:24 Horse Collar
19:21 Castle Age
18:51 Gold Mining
19:24 Bloodlines
19:25 Fletching
20:31 Bodkin Arrow
22:44 Wheelbarrow
21:58 Town Watch
23:12 Wheelbarrow
22:25 Light Cavalry
23:56 Scale Barding Armor
26:11 Ballistics
26:28 Husbandry
27:19 Gold Shaft Mining
27:53 Chain Barding Armor
28:38 Padded Archer Armor
30:07 Heavy Plow
30:22 Bow Saw
34:33 Imperial Age
32:01 Stone Mining
33:31 Masonry
33:39 Corvinian Army
36:11 Thumb Ring
37:39 Parthian Tactics
Connection lost

Rejoining the realm…

Still unreachable

The connection could not be restored.

Session expired

The server has moved on; the page needs a fresh start.